Map: Triton LE

Players

Neeb - Winner!

  • Race: Protoss Protoss
  • Spawn Location: 5:00

Rogue

  • Race: Zerg Zerg
  • Spawn Location: 11:00

Event: 2019 WCS Global FInals

VOD

https://www.youtube.com/watch?v=KvtCI-Sne0k&t=4600s

Description

Time

  • Played on: Oct. 27, 2019, 1:04 a.m.
  • Length: 9:04

All games in this series

Show
View Real Time Build Order
Export as new Build Order

Neeb Protoss - Winner!

Build Orders: 1 Gate Expand, Oracle Opening, Phoenix Opening, Archon Immortal 

Get SALT Encoding   

  12  0:00  Probe  
  13  0:12  Probe  
  14  0:18  Pylon  
  14  0:24  Probe  
  15  0:29  Assimilator  
  15  0:36  Probe (Chrono Boost)  
  16  0:43  Gateway  
  16  0:48  Probe (Chrono Boost)  
  17  0:53  Probe (Chrono Boost)  
  18  1:05  Probe  
  19  1:17  Probe  
  20  1:23  Nexus  
  20  1:32  Cybernetics Core  
  20  1:35  Probe  
  21  1:40  Assimilator  
  21  1:47  Probe  
  21  1:50  Pylon  
  22  1:59  Probe (Chrono Boost)  
  23  2:05  Adept (Chrono Boost)  
  26  2:09  Probe (Chrono Boost)  
  26  2:12  Warp Gate  
  26  2:14  Probe (Chrono Boost)  
  26  2:20  Stargate  
  27  2:26  Probe  
  27  2:27  Adept (Chrono Boost)  
  30  2:35  Probe  
  31  2:38  Probe  
  32  2:47  Probe  
  32  2:49  Adept (Chrono Boost)  
  32  2:50  Probe  
  36  2:59  Probe  
  36  3:02  Probe  
  36  3:03  Phoenix (Chrono Boost)  
  40  3:11  Probe  
  41  3:16  Gateway  
  41  3:18  Probe  
  42  3:20  Gateway  
  42  3:23  Probe  
  42  3:25  Pylon  
  43  3:29  Oracle (Chrono Boost)  
  46  3:37  Twilight Council  
  46  3:43  Pylon, Probe x2  
  46  3:45  Assimilator  
  46  3:47  Assimilator  
  49  3:55  Probe x2  
  50  4:03  Oracle (Chrono Boost), Pylon  
  50  4:07  Probe x2  
  55  4:11  Adept  
  55  4:12  Adept  
  59  4:18  Adept  
  59  4:20  Pylon  
  59  4:22  Probe, Resonating Glaives (Chrono Boost)  
  62  4:26  Probe  
  63  4:32  Pylon  
  63  4:38  Adept x2  
  68  4:39  Adept  
  68  4:43  Probe  
  70  4:46  Probe  
  71  4:55  Probe  
  71  4:58  Probe  
  69  5:07  Probe  
  69  5:10  Probe, Adept x3  
  77  5:19  Nexus  
  77  5:25  Pylon, Probe  
  77  5:27  Probe  
  79  5:30  Adept  
  79  5:31  Adept, Sentry  
  85  5:37  Probe  
  86  5:43  Probe  
  86  5:44  Robotics Facility  
  86  5:45  Robotics Facility  
  87  5:55  Probe  
  88  5:58  Probe  
  83  6:07  Probe  
  83  6:10  Probe  
  81  6:20  Probe  
  81  6:22  Probe  
  73  6:26  Gateway  
  73  6:29  Immortal x2 (Chrono Boost), Gateway  
  73  6:30  Gateway  
  74  6:32  Forge  
  74  6:35  Zealot, Sentry x2  
  74  6:36  Probe  
  83  6:42  Pylon  
  81  6:47  Gateway  
  81  6:49  Gateway, Charge  
  81  6:58  Immortal (Chrono Boost)  
  81  6:59  Immortal (Chrono Boost)  
  89  7:01  Protoss Ground Weapons Level 1 (Chrono Boost)  
  89  7:07  Templar Archives  
  89  7:12  Pylon  
  89  7:14  Pylon  
  89  7:15  Pylon  
  89  7:17  Zealot x2  
  89  7:19  Zealot  
  95  7:25  Assimilator, Zealot  
  95  7:27  Assimilator  
  95  7:29  Adept  
  99  7:30  Warp Prism (Chrono Boost), Zealot  
  104  7:41  Observer (Chrono Boost), Zealot x2  
  108  7:45  Zealot, High Templar x2  
  108  7:47  Zealot  
  108  7:50  Archon  
  116  7:51  High Templar  
  116  7:52  High Templar  
  116  7:55  Pylon x2  
  116  7:57  Archon  
  120  8:03  Pylon  
  120  8:08  High Templar  
  120  8:09  Zealot x2, High Templar  
  120  8:10  Warp Prism  
  130  8:15  Pylon, Archon  
  130  8:25  Zealot x4  
  138  8:31  High Templar x2  
  142  8:35  Archon  
  138  8:43  Zealot x2  
  138  8:48  Zealot x4  
Show
View Real Time Build Order
Export as new Build Order

Rogue Zerg 

Build Orders: Hatch First 

Get SALT Encoding   

  12  0:00  Drone  
  13  0:12  Overlord  
  13  0:17  Drone  
  14  0:30  Drone x2  
  16  0:47  Hatchery  
  15  0:50  Drone  
  15  0:55  Drone  
  17  0:57  Drone  
  18  1:09  Extractor  
  17  1:13  Spawning Pool  
  17  1:16  Drone  
  17  1:19  Drone  
  18  1:28  Drone  
  19  1:39  Drone  
  20  1:48  Hatchery  
  20  1:50  Drone  
  20  1:59  Queen  
  20  2:00  Drone  
  23  2:04  Drone  
  24  2:12  Queen  
  26  2:18  Overlord  
  26  2:22  Drone  
  27  2:25  Drone  
  27  2:29  Metabolic Boost  
  28  2:38  Zergling x4  
  28  2:40  Drone  
  28  2:43  Drone  
  32  2:48  Queen  
  34  2:51  Zergling x2  
  34  2:54  Zergling x2  
  36  2:59  Queen  
  36  3:03  Overlord  
  36  3:04  Zergling x2  
  38  3:10  Drone x2  
  40  3:14  Drone  
  40  3:15  Drone  
  40  3:19  Overlord  
  42  3:20  Pneumatized Carapace  
  42  3:30  Spore Crawler  
  42  3:31  Drone x4  
  45  3:36  Overlord  
  45  3:40  Drone x2  
  47  3:42  Drone  
  47  3:43  Drone  
  47  3:47  Overlord  
  49  3:51  Spore Crawler  
  49  3:54  Drone x2  
  50  3:57  Drone x2  
  50  4:00  Overlord  
  53  4:02  Drone  
  53  4:04  Drone  
  53  4:07  Spore Crawler  
  53  4:09  Drone x2  
  55  4:13  Overlord  
  55  4:18  Evolution Chamber  
  55  4:19  Drone x3  
  57  4:26  Drone x4  
  57  4:30  Extractor  
  60  4:32  Queen  
  60  4:33  Baneling Nest  
  60  4:35  Zergling x4  
  63  4:40  Zergling x2  
  63  4:41  Zergling x6  
  63  4:42  Zergling x2  
  63  4:44  Zergling x2  
  69  4:46  Spore Crawler  
  69  4:50  Zergling x8  
  72  4:54  Overlord  
  72  4:56  Drone  
  72  4:59  Zerg Melee Weapons Level 1  
  69  5:07  Zergling x14  
  61  5:09  Drone  
  61  5:11  Queen  
  67  5:20  Drone x2, Lair  
  68  5:24  Baneling x2  
  68  5:26  Extractor  
  68  5:28  Extractor  
  66  5:29  Drone x5  
  71  5:36  Baneling  
  71  5:37  Baneling x2  
  71  5:38  Drone x4  
  71  5:41  Drone x2  
  77  5:45  Baneling  
  77  5:46  Overlord, Baneling, Extractor  
  76  5:55  Zergling x2  
  77  5:59  Overlord  
  77  6:00  Zergling x10  
  75  6:06  Zergling x2  
  75  6:07  Zergling x10  
  66  6:11  Zergling x2  
  66  6:14  Roach Warren  
  66  6:15  Zergling x2  
  63  6:20  Zergling x2  
  63  6:23  Drone  
  63  6:24  Drone  
  58  6:27  Drone  
  58  6:28  Drone  
  58  6:31  Drone  
  60  6:36  Drone  
  60  6:37  Drone  
  60  6:38  Drone  
  63  6:40  Drone  
  63  6:43  Drone x2  
  66  6:47  Drone  
  66  6:48  Drone x2  
  66  6:50  Drone  
  66  6:52  Drone  
  71  6:56  Drone x2  
  71  6:57  Drone  
  73  7:05  Drone  
  73  7:06  Drone x3  
  77  7:12  Drone  
  77  7:13  Drone x3  
  77  7:14  Overlord  
  81  7:20  Glial Reconstitution  
  80  7:27  Drone x5  
  85  7:32  Centrifical Hooks  
  85  7:34  Drone  
  86  7:37  Overlord  
  86  7:39  Roach x2  
  86  7:40  Roach  
  86  7:42  Baneling x4  
  92  7:46  Roach x2  
  92  7:47  Roach  
  98  7:53  Overlord x2  
  98  7:56  Baneling  
  98  7:57  Baneling x4  
  97  7:59  Spine Crawler  
  97  8:03  Roach x2  
  97  8:04  Roach x2  
  97  8:05  Overlord  
  103  8:15  Roach  
  103  8:16  Roach x5  
  103  8:17  Baneling x2  
  114  8:23  Baneling, Extractor  
  114  8:24  Baneling x3  
  114  8:25  Zergling x10  
  118  8:30  Baneling  
  118  8:31  Baneling x3, Zergling x2  
  118  8:32  Zergling x6  
  122  8:37  Baneling  
  122  8:38  Baneling  
  122  8:41  Zergling x2  
  119  8:47  Zergling x4  
Tags
 
Add a new tag
Caveats
  • Supply blocks, unpowered buildings, or Contaminate may cause inaccurate times.
  • Supply counts are checked every 10 seconds.